 Dungeon Crawl Stone Soup version 0.25-a0-544-gee0576305d (webtiles) character file.

Game seed: 10948467907557100771, levelgen mode: deterministic

4681 Emblim88 the Protected (level 10, -5/88 HPs)
             Began as a Minotaur Fighter on Feb 20, 2020.
             Was a Believer of Zin.
             Slain by a warg (7 damage)
             ... on level 7 of the Dungeon.
             The game lasted 00:16:51 (6146 turns).

Emblim88 the Protected (Minotaur Fighter)           Turns: 6146, Time: 00:16:51

Health: -5/88      AC: 11    Str: 32    XL:     10   Next: 21%
Magic:  12/12      EV: 10    Int: 11    God:    Zin [**....]
Gold:   153        SH: 19    Dex:  8    Spells: 9/9 levels left

rFire    . . .     SeeInvis .   z - +5 war axe of Bodily Humours {vorpal, rElec MR+ Int+6}
rCold    . . .     Gourm    .   l - +1 tower shield
rNeg     . . .     Faith    .   G - +1 ring mail of Cyank {rElec rPois Str+3 Dex-2}
rPois    +         Spirit   .   (helmet restricted)
rElec    +         Reflect  .   p - +0 cloak
rCorr    .         Harm     .   n - +0 pair of gloves
MR       +....     Rnd*Rage +   A - +0 pair of boots
Stlth    ..........             (no amulet)
HPRegen  0.24/turn              (no ring)
MPRegen  0.13/turn              y - ring of flight

@: mighty
A: retaliatory headbutt, horns 2, berserk 1
a: Recite, Vitalisation, Donate Gold, Renounce Religion, Evoke Flight


You were on level 7 of the Dungeon.
You worshipped Zin.
Zin was pleased with you.
You were hungry.

You visited 2 branches of the dungeon, and saw 8 of its levels.

You collected 439 gold pieces.
You spent 243 gold pieces at shops.
You donated 43 gold pieces to Zin.

Inventory:

Hand Weapons
 r - a +0 hunting sling
 z - the +5 war axe of Bodily Humours (weapon) {vorpal, rElec MR+ Int+6}
   (You found it on level 4 of the Dungeon)

   It inflicts extra damage upon your enemies.
   It affects your intelligence (+6).
   It insulates you from electricity.
   It affects your resistance to hostile enchantments.
Missiles
 a - 2 curare-tipped darts
 e - 262 stones (quivered)
Armour
 g - a +0 chain mail
 l - a +1 tower shield (worn)
 n - a +0 pair of gloves (worn)
 p - a +0 cloak (worn)
 A - a +0 pair of boots (worn)
 G - the +1 ring mail of Cyank (worn) {rElec rPois Str+3 Dex-2}
   (You bought it in a shop on level 7 of the Dungeon)

   It affects your strength (+3).
   It affects your dexterity (-2).
   It insulates you from electricity.
   It protects you from poison.
   If you remove this armour, your AC will decrease by 7 (11 -> 4).
Jewellery
 y - a ring of flight (right hand)
Wands
 o - a wand of acid (8)
 D - a wand of iceblast (8)
Scrolls
 h - 3 scrolls of teleportation
 j - 2 scrolls of remove curse
 m - 2 scrolls of enchant weapon
 t - 2 scrolls of amnesia
 x - 3 scrolls of magic mapping
Potions
 b - a potion of flight
 c - a potion of cancellation {unknown}
 d - a potion of might
 i - a potion of heal wounds {unknown}
 k - 2 potions of degeneration {unknown}
 q - 2 potions of curing {unknown}
 s - 2 potions of mutation
 u - a potion of stabbing {unknown}
 v - a potion of resistance {unknown}
 w - 2 potions of brilliance {unknown}
 F - a potion of berserk rage {unknown}
Comestibles
 f - 7 rations


   Skills:
 + Level 8.0 Fighting
 + Level 6.1(6.7) Axes
   Level 4.1(5.7) Polearms
 + Level 8.1 Armour
 + Level 6.5 Dodging
 + Level 8.1 Shields
 * Level 4.7 Invocations
 - Level 3.9 Evocations


You had 9 spell levels left.
You didn't know any spells.
Your spell library was empty.

Dungeon Overview and Level Annotations

Branches:
Dungeon (7/15)             Temple (1/1) D:6

Altars:
Ashenzari
Dithmenos
Elyvilon
Fedhas
Gozag
Hepliaklqana
Kikubaaqudgha
Makhleb
Nemelex Xobeh
Okawaru
Qazlal
Sif Muna
Trog
Uskayaw
Vehumet
Wu Jian
Xom
Yredelemnul
Zin
The Shining One

Shops:
D:7 [


Innate Abilities, Weirdness & Mutations

You reflexively headbutt those who attack you in melee.
You have a pair of horns on your head.
You tend to lose your temper in combat.


Message History

You slash the warg! The warg bites you.
* * * LOW HITPOINT WARNING * * *
The warg bites you.
* * * LOW HITPOINT WARNING * * *
You block the warg's attack. The warg barely misses you.
You feel very mighty all of a sudden. You block the warg's attack. x2
You slash the warg!
The warg is almost dead.
You slash the warg! You block the warg's attack.
The warg bites you but does no damage. The warg bites you!
* * * LOW HITPOINT WARNING * * *
The warg bites you!
* * * LOW HITPOINT WARNING * * *
It was a potion of mutation.
You feel extremely strange.
You feel a little pissed off.
Zin protects your body from mutation! x2
Zin forgives your inadvertent chaotic act, just this once.
You block the warg's attack. The warg bites you!
You die...

#######################
.....P.h..............#
...P...h@%.......P....#
≈≈≈≈≈≈≈≈≈≈≈≈≈≈≈≈≈≈....#
≈≈≈≈≈≈≈≈≈≈≈≈≈≈≈≈≈≈....#
≈≈≈≈≈≈≈≈≈≈≈#####≈≈....#
...........#ooo#≈≈....#
##########+#.o.#≈≈P...#
#'###≈≈....# #.≈≈≈....#
#.≈≈≈..P.#


You could see 2 wargs and an orc.

Vanquished Creatures
  Pikel (D:4)
  Maggie (D:7)
  A hippogriff (D:7)
  Sigmund (D:5)
  Menkaure (D:6)
  Edmund (D:4)
  11 wargs (D:7)
  A water moccasin (D:5)
  An orc warrior (D:7)
  2 sky beasts
  A slave (D:4)
  A phantom (D:6)
  2 ogres
  2 centaurs
  Blork the orc (D:4)
  2 bullfrogs
  4 killer bees (D:7)
  4 wights (D:7)
  A howler monkey (D:5)
  2 vampire bats (D:2)
  2 crimson imps
  4 hounds
  A jelly (D:7)
  A bullfrog skeleton (D:5)
  2 orc wizards
  4 worker ants
  Robin (D:4)
  5 adders
  2 shadow imps
  3 worms
  3 dart slugs
  5 leopard geckos
  14 orcs
  2 ball pythons (D:1)
  3 bats
  3 bat skeletons (D:2)
  2 bat zombies (D:2)
  5 giant cockroaches
  15 goblins
  9 hobgoblins
  16 jackals
  3 quokkas
  5 frilled lizards
  2 goblin skeletons (D:7)
  2 goblin zombies (D:7)
  A hobgoblin zombie (D:7)
  11 kobolds
  A kobold skeleton (D:7)
  4 kobold zombies (D:7)
  3 orc skeletons (D:7)
  An orc zombie (D:7)
  A quokka skeleton (D:4)
  7 rats
184 creatures vanquished.

Vanquished Creatures (others)
  A hound (D:4)
  3 hound skeletons (D:4)
  An orc (D:4)
5 creatures vanquished.

Grand Total: 189 creatures vanquished

Notes
Turn   | Place    | Note
-------+----------+-------------------------------------------
     0 | D:1      | Emblim88 the Minotaur Fighter began the quest for the Orb.
     0 | D:1      | Reached XP level 1. HP: 19/19 MP: 0/0
    64 | D:1      | Reached XP level 2. HP: 25/27 MP: 1/1
   270 | D:1      | Reached skill level 1 in Dodging
   468 | D:1      | Reached XP level 3. HP: 33/33 MP: 2/2
   914 | D:2      | Found a faded altar of an unknown god.
  1363 | D:2      | Reached XP level 4. HP: 31/40 MP: 3/3
  1591 | D:2      | Found an ancient bone altar of Kikubaaqudgha.
  1608 | D:2      | Reached XP level 5. HP: 47/47 MP: 4/4
  1862 | D:3      | Found an iron altar of Okawaru.
  1888 | D:3      | Found a sparkling altar of Nemelex Xobeh.
  1924 | D:3      | Found a hazy altar of Hepliaklqana.
  1988 | D:3      | Found an ornate altar of the Wu Jian Council.
  2121 | D:3      | Found a sparkling altar of Nemelex Xobeh.
  2219 | D:4      | Got a polished war axe
  2270 | D:4      | Noticed Robin
  2533 | D:4      | You fall into a shaft and drop 1 floor!
  2533 | D:5      | Entered Level 5 of the Dungeon
  2533 | D:5      | Noticed a centaur
  2536 | D:5      | Killed a centaur
  2536 | D:5      | Reached XP level 6. HP: 55/55 MP: 5/5
  2545 | D:5      | Found a stormy altar of Qazlal.
  2550 | D:5      | Noticed an air elemental
  2553 | D:5      | Identified the +5 war axe of Bodily Humours {vorpal, rElec
                  | MR+ Int+6} (You found it on level 4 of the Dungeon)
  2700 | D:4      | Reached skill level 5 in Armour
  2770 | D:4      | Noticed Edmund
  2786 | D:4      | Killed Edmund
  2786 | D:4      | Reached skill level 5 in Fighting
  2786 | D:4      | Reached skill level 1 in Axes
  2786 | D:4      | Reached skill level 5 in Shields
  2834 | D:4      | Noticed Blork the orc
  2845 | D:4      | Killed Blork the orc
  2845 | D:4      | Reached skill level 1 in Evocations
  2845 | D:4      | Reached XP level 7. HP: 61/61 MP: 6/6
  2852 | D:4      | Found a shimmering blue altar of Sif Muna.
  2908 | D:4      | Killed Robin
  2981 | D:4      | Noticed Pikel
  2993 | D:4      | Killed Pikel
  2993 | D:4      | Reached XP level 8. HP: 42/70 MP: 6/8
  3482 | D:5      | Found a bloodstained altar of Trog.
  3532 | D:5      | Noticed Sigmund
  3543 | D:5      | Killed Sigmund
  3998 | D:6      | Found a blossoming altar of Fedhas.
  4022 | D:6      | Reached skill level 5 in Dodging
  4161 | D:6      | Noticed Menkaure
  4169 | D:6      | Killed Menkaure
  4381 | D:6      | Got a brightly glowing dagger
  4432 | D:6      | Found a staircase to the Ecumenical Temple.
  4480 | Temple   | Entered the Ecumenical Temple
  4607 | Temple   | Became a worshipper of Zin the Law-Giver
  4607 | Temple   | Reached * piety under Zin
  4642 | D:6      | Reached XP level 9. HP: 78/78 MP: 10/10
  4697 | D:6      | Reached ** piety under Zin
  4698 | D:6      | Found a white marble altar of Elyvilon.
  4763 | D:6      | You fall into a shaft and drop 1 floor!
  4779 | D:7      | Reached skill level 1 in Invocations
  4816 | D:7      | Reached skill level 5 in Axes
  5046 | D:7      | Found a glowing golden altar of the Shining One.
  5078 | D:7      | Found Ziunehel's Antique Armour Boutique.
  5109 | D:7      | Bought a warped ring mail for 243 gold pieces
  5437 | D:6      | Identified the +11 dagger of Armageddon {pain, rPois rC+}
                  | (You found it on level 6 of the Dungeon)
  5448 | D:6      | Identified the +1 ring mail of Cyank {rElec rPois Str+3
                  | Dex-2} (You bought it in a shop on level 7 of the Dungeon)
  5900 | D:7      | Found a shimmering altar of Xom.
  5904 | D:7      | Noticed Maggie
  5912 | D:7      | Killed Maggie
  5937 | D:7      | Reached *** piety under Zin
  6096 | D:7      | Reached XP level 10. HP: 88/88 MP: 12/12
  6145 | D:7      | HP: 2/88 [warg (10)]
  6146 | D:7      | Gained mutation: You tend to lose your temper in combat.
                  | [potion of mutation]
  6146 | D:7      | Slain by a warg

Levels and vault maps discovered:
D:1:      minmay_arrival_nine_rooms, layout_basic, roderic_roman_lattice,
          minmay_misc_feat_pillars
D:2:      layout_basic, kennysheep_vampire_church,
          chequers_ecumenical_altar_island
D:3:      layout_rooms, lemuel_doored_altar, old_standard_altar,
          nemelex_xobeh_ov_fountains_minmay, lemuel_crystal_altar, first_ration,
          minmay_misc_feat_diagonals, nemelex_diamond_rough_becter
D:4:      layout_basic, tgw_sif, lemuel_flame_loot_1, uniq_edmund, uniq_robin,
          uniq_pikel
D:5:      layout_loops_cross, lightli_temple_of_fire,
          nicolae_qazlal_style_of_elements, uniq_sigmund
D:6:      layout_loops_ring, lemuel_round_altar, elyvilon_altar_4,
          minmay_temple_entry_stoned_glass, uniq_menkaure
D:7:      lemuel_castle_with_subvaults [lemuel_castle_interior_original],
          layout_rooms, nicolae_overflow_crystal_walls,
          nicolae_tso_besieged_by_evil, serial_shops, shop_statue, uniq_maggie
Temple:   nicolae_temple_figure_zero

Skill      XL: |  1  2  3  4  5  6  7  8  9 10 |
---------------+-------------------------------+-----
Dodging        | 1 2 3 4 5 6 |  6.5
Armour         | 4 5 6 7 8 |  8.1
Fighting       | 4 5 6 7 8 |  8.0
Shields        | 4 5 6 7 8 |  8.1
Polearms       | 3 4 |  4.1
Axes           | 1 2 4 5 6 |  6.1
Evocations     | 1 2 3 |  3.9
Invocations    | 4 |  4.7

Action                   |  1- 3 |  4- 6 |  7- 9 | 10-12 || total
-------------------------+-------+-------+-------+-------++-------
Melee: Trident           |   110 |    89 |       |       ||   199
       Headbutt          |    14 |    18 |    34 |     3 ||    69
       War axe           |       |    24 |   239 |    29 ||   292
 Fire: Hunting sling     |       |     6 |       |       ||     6
Throw: Stone             |     1 |       |       |       ||     1
Invok: Recite            |       |       |     6 |       ||     6
Evoke: Wand              |       |     2 |       |       ||     2
  Use: Scroll            |       |     7 |     4 |       ||    11
       Potion            |       |       |     1 |     2 ||     3
 Stab: Confused          |       |       |     1 |       ||     1
  Eat: Chunk             |     2 |     4 |    11 |       ||    17
Armor: Scale mail        |    21 |       |       |       ||    21
       Chain mail        |    10 |    67 |    43 |       ||   120
       Ring mail         |       |       |    22 |    10 ||    32
Dodge: Dodged            |    13 |    24 |    58 |     9 ||   104
Block: Kite shield       |    11 |       |       |       ||    11
       Tower shield      |    48 |   122 |   212 |    48 ||   430

Table legend:
 A = Non-vault XP
 B = Vault XP
 C = Vault XP percentage of total XP
 D = Non-vault monster count
 E = Vault monster count
 F = Vault count percentage of total count
                 A         B        C        D         E       F
            +---------+---------+-------+---------+---------+-------
      Total |    2907 |    3781 |  56.5 |     129 |      54 |  29.5
            +---------+---------+-------+---------+---------+-------
        D:1 |      42 |       0 |   0.0 |      24 |       0 |   0.0
        D:2 |      65 |     117 |  64.3 |      21 |       7 |  25.0
        D:3 |      31 |       0 |   0.0 |      10 |       0 |   0.0
        D:4 |      94 |     967 |  91.1 |      11 |      16 |  59.3
        D:5 |     671 |     227 |  25.3 |      22 |       1 |   4.3
        D:6 |     593 |     172 |  22.5 |      12 |       1 |   7.7
        D:7 |    1411 |    2298 |  62.0 |      29 |      29 |  50.0
            +---------+---------+-------+---------+---------+-------
